 Dungeon Crawl Stone Soup version 0.28-a0-1412-gf95308ed99 (webtiles) character file.

Game seed: 14973012349342950270

219 HallandMoats the Skirmisher (level 5, -1/46 HPs)
             Began as a Ghoul Fighter on Jan 6, 2022.
             Slain by an ufetubus (2 damage)
             ... on level 3 of the Dungeon.
             The game lasted 00:03:08 (3069 turns).

HallandMoats the Skirmisher (Ghoul Fighter)         Turns: 3069, Time: 00:03:09

Health: -1/46      AC:  9    Str: 20    XL:     5   Next: 96%
Magic:  4/4        EV:  9    Int:  3    God:
Gold:   135        SH:  4    Dex: 10    Spells: 4/4 levels left

rFire   . . .      SeeInvis .   b - +2 whip (elec)
rCold   + . .      Faith    .   c - +0 buckler
rNeg    + + +      Spirit   .   m - +0 scale mail
rPois   ∞          Reflect  .   o - +0 helmet
rElec   .          Harm     .   (no cloak)
rCorr   .          Rampage  .   i - +0 pair of gloves
Will    .....                   (no boots)
Stlth   ..........              (no amulet)
HPRegen 0.00/turn               (no ring)
MPRegen 0.09/turn               (no ring)

@: silenced, inhibited regen
A: claws 1, cold resistance 1, negative energy resistance 3, inhibited
regeneration, torment resistance 2
a: no special abilities


You were on level 3 of the Dungeon.
You visited 1 branch of the dungeon, and saw 4 of its levels.

You collected 135 gold pieces.

Inventory:

Hand Weapons
 a - a +0 war axe
 b - a +2 whip of electrocution (weapon)
Armour
 c - a +0 buckler (worn)
 i - a +0 pair of gloves (worn)
 m - a +0 scale mail (worn)
 o - a +0 helmet (worn)
Jewellery
 j - a ring of ice
Scrolls
 e - 4 scrolls of teleportation {unknown}
 f - a scroll of enchant armour {unknown}
 g - a scroll of torment {unknown}
 h - a scroll of enchant weapon {unknown}
 k - a scroll of holy word {unknown}
 l - a scroll of amnesia {unknown}
 n - 5 scrolls of identify {unknown}
 p - a scroll of blinking {unknown}
 r - 2 scrolls of magic mapping {unknown}
Potions
 d - a potion of might
 q - a potion of mutation {unknown}


   Skills:
 + Level 4.1 Fighting
 + Level 2.7 Axes
 + Level 3.4 Armour
 + Level 1.8 Dodging
 * Level 4.0 Shields


You had 4 spell levels left.
You didn't know any spells.
Your spell library contained the following spells:

 Spells                   Type           Power      Damage    Failure   Level
 Ozocubu's Armour         Ice            0%         N/A       100%        3
 Metabolic Englaciation   Hex/Ice        0%         N/A       100%        5
 Simulacrum               Ice/Necr       0%         N/A       100%        6


Dungeon Overview and Level Annotations

Branches:
Dungeon (4/15)
 Temple: D:4-7

Altars:
Gozag
Xom

Shops:
D:4 :

Annotations:
D:4 Sigmund


Innate Abilities, Weirdness & Mutations

You thrive by killing the living.
You are immune to poison.
You have sharp fingernails.
Your flesh is cold resistant. (rC+)
You are immune to negative energy. (rN+++)
You do not regenerate when monsters are visible.
You are immune to unholy pain and torment.


Message History

Found a scroll labelled DEIXOCWESI.
The ufetubus closely misses you.
The ufetubus hits you but does no damage.
Sigmund the Dreaded comes into view.
He is wielding a +0 scythe.
Found an escape hatch in the ceiling.
The iguana hisses menacingly.
Sigmund casts a spell at you. The magic dart hits you.
The ufetubus hits you but does no damage.
The ufetubus hits you.
* * * LOW HITPOINT WARNING * * *
You block the ufetubus's attack. The ufetubus hits you.
* * * LOW HITPOINT WARNING * * *
The ufetubus hits you but does no damage.
The ufetubus closely misses you. The ufetubus hits you.
* * * LOW HITPOINT WARNING * * *
You block the ufetubus's attack.
Sigmund points at you and mumbles some strange words.
You resist with some effort.
The adder skeleton bites you but does no damage.
The ufetubus hits you.
* * * LOW HITPOINT WARNING * * *
The ufetubus hits you.
* * * LOW HITPOINT WARNING * * *
It was a potion of curing.
You feel better. The ufetubus closely misses you. x2
The adder skeleton bites you but does no damage.
The ufetubus closely misses you.
The ufetubus hits you but does no damage.
There is a stone staircase leading up here.
You block the ufetubus's attack. The ufetubus closely misses you.
The iguana bites you!
* * * LOW HITPOINT WARNING * * *
The ufetubus barely misses you.
The ufetubus hits you but does no damage.
You climb upwards.
There is a stone staircase leading down here.
As you read the scroll labelled ECOKIO GATIO, it crumbles to dust.
A profound silence engulfs you.
It was a scroll of silence.
The ufetubus hits you.
You die...

#### #... #.## ####### #.#
#...l.###########.##
#..@..+.............
##..5..####..#####.## ###########
#........)...# #.# #.........#
#..§§≈≈§≈≈≈..# #.#
#.######.####.≈.......≈..# #.#
#.# #......≈.≈≈≈≈≈.§..# #.#
#.###########.≈.≈...≈.≈.## ##.##
......[.......§.≈._.≈.≈.# #<)..
#############.§§≈...≈.≈.#####)###


You could see an iguana and an ufetubus.

Vanquished Creatures
  2 orc priests (D:2)
  Jessica (D:2)
  Robin (D:2)
  An adder (D:3)
  3 gnolls (D:3)
  A worm (D:2)
  2 dart slugs (D:1)
  3 orcs
  4 ball pythons
  11 endoplasms
  2 giant cockroaches
  11 goblins
  6 hobgoblins
  6 kobolds
  5 quokkas
  6 bats
  3 frilled lizards
  5 rats
73 creatures vanquished.

Vanquished Creatures (others)
  17 plants (D:1)
17 creatures vanquished.

Grand Total: 90 creatures vanquished

Notes
Turn   | Place    | Note
-------+----------+-------------------------------------------
     0 | D:1      | HallandMoats the Ghoul Fighter began the quest for the Orb.
     0 | D:1      | Reached XP level 1. HP: 19/19 MP: 0/0
    55 | D:1      | Reached XP level 2. HP: 8/26 MP: 1/1
   481 | D:1      | Reached XP level 3. HP: 31/31 MP: 2/2
   814 | D:1      | Found a faded altar of an unknown god.
  1022 | D:1      | Reached skill level 1 in Dodging
  1207 | D:2      | Noticed Robin
  1226 | D:2      | Killed Robin
  1227 | D:2      | Reached XP level 4. HP: 40/40 MP: 3/3
  1300 | D:2      | Noticed Jessica
  1307 | D:2      | Killed Jessica
  1443 | D:2      | Reached XP level 5. HP: 34/46 MP: 4/4
  1857 | D:3      | Found a shimmering altar of Xom.
  2069 | D:3      | Found an opulent altar of Gozag.
  2980 | D:4      | Found Duephoh's Book Shop.
  3055 | D:4      | Noticed Sigmund
  3063 | D:4      | HP: 2/46 [ufetubus (1)]
  3069 | D:3      | Slain by an ufetubus

Illustrated notes

Levels and vault maps discovered:
D:1:      minmay_arrival_nine_rooms, layout_loops_cross,
          ebering_ecumenical_altar_abandoned, serial_bayou_pond_c,
          minmay_tetromino_o2
D:2:      layout_rooms, grunt_ministairs_7, uniq_jessica, uniq_robin
D:3:      layout_basic, mainiacjoe_overflow_concentric_impassable,
          xom_butterflies, minmay_crystal_room
D:4:      layout_rooms, nicolae_wooded_promenade, serial_bayou_pond_b,
          uniq_sigmund

Skill      XL: |  1  2  3  4  5 |
---------------+----------------+-----
Axes           | 2 |  2.7
Shields        | 3 4 |  4.0
Dodging        | 1 |  1.8
Armour         | 3 |  3.4
Fighting       | 4 |  4.1

Action                   |  1- 3 |  4- 6 || total
-------------------------+-------+-------++-------
Melee: War axe           |    99 |       ||    99
       Whip              |    25 |   111 ||   136
  Use: Scroll            |       |     1 ||     1
       Potion            |       |     1 ||     1
Armor: Scale mail        |    51 |    76 ||   127
Dodge: Dodged            |    65 |    70 ||   135
Block: Buckler           |    22 |    42 ||    64

Table legend: (Time is in decaauts)
 A = Elapsed time spent in this place.
 B = Non-inter-level travel time spent in this place.
 C = Inter-level travel time spent in this place.
 D = Time resting spent in this place.
 E = Time spent auto-exploring this place.
 F = Levels seen in this place.
 G = Mean time per level.
                   A        B        C        D        E       F      G
               +--------+--------+--------+--------+--------+-----+--------+
         Total |   3130 |   2901 |    229 |    738 |   1598 |   4 |  782.5 |
       Dungeon |   3130 |   2901 |    229 |    738 |   1598 |   4 |  782.5 |
               +--------+--------+--------+--------+--------+-----+--------+

Top non-repeatable levels by time:
     D:1: 1211 daAuts
     D:3: 946 daAuts
     D:2: 873 daAuts
     D:4: 99 daAuts
